 Dungeon Crawl Stone Soup version 0.22-a0-149-g870e420 (webtiles) character file.

27 Amnesiac the Digger (level 2, 0/19 HPs)
             Began as a Mummy Earth Elementalist on Feb 7, 2018.
             Slain by a goblin (1 damage)
             ... on level 2 of the Dungeon.
             The game lasted 00:01:15 (1239 turns).

Amnesiac the Digger (Mummy Earth Elementalist)      Turns: 1239, Time: 00:01:16

Health: 0/19       AC:  2    Str: 11    XL:     2   Next: 93%
Magic:  5/6        EV: 12    Int: 14    God:
Gold:   34         SH:  0    Dex: 12    Spells: 4/7 levels left

rFire    x . .     SeeInvis .   j - +0 dagger
rCold    + . .     Gourm    .   (no shield)
rNeg     + + +     Faith    .   c - +0 robe
rPois    ∞         Spirit   .   (no helmet)
rElec    .         Reflect  .   (no cloak)
rCorr    .         Harm     .   (no gloves)
MR       .....                  (no boots)
Stlth    ++........             (no amulet)
HPRegen  0.06/turn              (no ring)
MPRegen  0.10/turn              (no ring)

@: no status effects
A: no food or potions, fire vulnerability, cold resistance 1, negative energy
resistance 3, torment resistance, unbreathing
a: no special abilities


You were on level 2 of the Dungeon.
You were not hungry.

You visited 1 branch of the dungeon, and saw 2 of its levels.

You collected 34 gold pieces.

Inventory:

Hand Weapons
 j - a +0 dagger (weapon)
Missiles
 a - 17 poisoned needles
 b - 70 stones (quivered)
Armour
 c - a +0 robe (worn)
Scrolls
 e - a scroll of remove curse {!r, unknown}
 f - 5 scrolls of identify {!r, unknown}
 g - a scroll of teleportation {!r, unknown}
 h - a scroll of magic mapping {!r, unknown}
 i - a scroll of amnesia {!r, unknown}
Books
 d - a book of Geomancy

   Spells                             Type                      Level
   a - Sandblast                      Earth                        1
   b - Passwall                       Transmutation/Earth          2
   c - Stone Arrow                    Conjuration/Earth            3
   d - Petrify                        Transmutation/Earth          4
   e - Lee's Rapid Deconstruction     Earth                        5


   Skills:
 - Level 1.5 Dodging
 - Level 1.5 Stealth
 + Level 3.1 Spellcasting
 - Level 1.0 Transmutations
 * Level 3.1 Earth Magic


You had 4 spell levels left.
You knew the following spells:

 Your Spells              Type           Power        Failure   Level  Hunger
a - Sandblast             Erth           ##....       6%          1    N/A
b - Passwall              Tmut/Erth      #.........   14%         2    N/A

Dungeon Overview and Level Annotations

Branches:
Dungeon (2/15)

Altars:
Cheibriados


Innate Abilities, Weirdness & Mutations

You do not eat or drink.
Your flesh is vulnerable to fire.
You are immune to poison.
Your flesh is cold resistant. (rC+)
You are immune to negative energy. (rN+++)
You are immune to unholy pain and torment.
You can survive without breathing.


Message History

Magic restored.
As you open the door, it creaks loudly!
There is an open door here.
There is an escape hatch in the floor here.
Found a scale mail.
No target in view!
A rat comes into view.
A rat is nearby!
You see here a scale mail.
A rat is nearby!
A rat is nearby!
A rat is nearby!
The helpless rat fails to defend itself.
You hit the rat.
You kill the rat!
You see here a rat corpse.
A kobold comes into view.
A goblin comes into view.
Found a golden potion.
There are monsters nearby!
The kobold completely misses you.
The goblin shouts!
There are monsters nearby!
You barely miss the kobold. The goblin barely misses you. The kobold hits you.
You hit the kobold.
The kobold is severely wounded.
The goblin misses you. The kobold barely misses you.
You hit the kobold.
You kill the kobold!
The goblin misses you.
You barely miss the goblin. The goblin hits you.
A bat comes into view.
You barely miss the goblin. The goblin hits you.
You hit the goblin.
The goblin is severely wounded.
The goblin barely misses you.
You closely miss the goblin.
The goblin is severely wounded.
The bat closely misses you. x2; The goblin hits you.
* * * LOW HITPOINT WARNING * * *
You barely miss the goblin.
The goblin is severely wounded.
The bat closely misses you. The goblin hits you.
* * * LOW HITPOINT WARNING * * *
You hit the goblin but do no damage.
The goblin is severely wounded.
The bat hits you.
* * * LOW HITPOINT WARNING * * *
The goblin hits you.
* * * LOW HITPOINT WARNING * * *
You are too injured to fight recklessly!
You are too injured to fight recklessly!
You are too injured to fight recklessly!
You are too injured to fight recklessly!
Casting: Sandblast (safe; 6% risk of failure)
Confirm with . or Enter, or press ? or * to list all spells.
Aiming: Sandblast (safe; 6% risk of failure)
Press: ? - help, Shift-Dir - straight line, f - bat
Aim: a bat The blast of sand hits the bat.
You kill the bat!
b - 70 stones The goblin hits you.
You die...

##+###### ### #........
#.# #........ #######.#
#........ ........#
+........
.######.########........
.#...............(......
.#.#..#>........@g......
.#.#..#########.#.######
.#.######## #.#.#
.#.#......# #.#.#
.#.#......# #.#.#
.#.#......# #†#.#
.#.'......# #.#..
.###......# #.### .#
#......# ##.#.###.


You could see a goblin.

Vanquished Creatures
  A dart slug (D:1)
  4 leopard geckos
  2 bats
  3 goblins (D:1)
  2 hobgoblins (D:1)
  4 kobolds
  4 rats
20 creatures vanquished.

Notes
Turn   | Place    | Note
-------+----------+-------------------------------------------
     0 | D:1      | Amnesiac the Mummy Earth Elementalist began the quest for the Orb.
     0 | D:1      | Reached XP level 1. HP: 13/13 MP: 4/4
   220 | D:1      | Found a snail-covered altar of Cheibriados.
   250 | D:1      | Reached XP level 2. HP: 19/19 MP: 0/5
   254 | D:1      | Learned a level 2 spell: Passwall
   976 | D:1      | Reached skill level 1 in Transmutations
  1239 | D:2      | Slain by a goblin

Vault maps used:
D:1:      dpeg_arrival_rhombi, cheibriados_altar_1
D:2:      nemelex_xobeh_ov_fountains_minmay, lemuel_doored_altar, first_ration,
          minmay_stone_trees_medium

Skill      XL: |  1  2 |
---------------+-------+-----
Spellcasting   | 3 |  3.1
Earth Magic    | 3 |  3.1
Transmutations | 1 |  1.0
Dodging        | |  1.5
Stealth        | |  1.5

Action                   || total
-------------------------++-------
Melee: Unarmed           ||    51
       Dagger            ||    11
 Cast: Sandblast         ||    12
 Stab: Sleeping          ||     3
Armor: Robe              ||     7
Dodge: Dodged            ||    40

Table legend:
 A = Spawn XP
 B = Non-spawn XP
 C = Spawn XP percentage of total XP
 D = Spawn monster count
 E = Non-spawn monster count
 F = Spawn count percentage of total count
 G = Total turns spent on level
                    A         B        C        D         E        F      G
               +---------+---------+-------+---------+---------+-------+---------
         Total |       0 |      39 |   0.0 |       0 |      20 |   0.0 |  1239
               +---------+---------+-------+---------+---------+-------+---------
           D:1 |       0 |      32 |   0.0 |       0 |      16 |   0.0 |  1163
           D:2 |       0 |       7 |   0.0 |       0 |       4 |   0.0 |    76
               +---------+---------+-------+---------+---------+-------+---------
